 Dungeon Crawl Stone Soup version 0.29.1-15-g9cfb28693d (webtiles) character file.

Game seed: 7969468084016282357

249 Mickster the Chopper (level 6, -2/56 HPs)
             Began as a Hill Orc Berserker on Feb 21, 2023.
             Was a Believer of Trog.
             Slain by an orc
             ... wielding a +0 hand axe
              (5 damage)
             ... on level 3 of the Dungeon.
             The game lasted 00:28:49 (2315 turns).

Mickster the Chopper (Hill Orc Berserker)           Turns: 2315, Time: 00:28:50

Health: -2/56      AC: 10    Str: 22    XL:     6   Next: 12%
Magic:  6/6        EV:  8    Int:  7    God:    Trog [**....]
Gold:   70         SH:  0    Dex: 10    Spells: 5/5 levels left

rFire   x . .      SeeInvis .   j - +2 club (spect)
rCold   + . .      Faith    .   (no shield)
rNeg    . . .      Spirit   .   f - +0 chain mail
rPois   .          Reflect  .   k - +0 helmet
rElec   .          Harm     .   (no cloak)
rCorr   .          Rampage  .   (no gloves)
Will    .....                   (no boots)
Stlth   ..........              (no amulet)
HPRegen 0.18/turn               m - ring of ice
MPRegen 0.10/turn               (no ring)

@: lethally poisoned (-2 -> -18)
A: no striking features
a: Renounce Religion, Berserk, Trog's Hand


You were on level 3 of the Dungeon.
You worshipped Trog.
Trog was pleased with you.
You visited 1 branch of the dungeon, and saw 3 of its levels.

You collected 70 gold pieces.

Inventory:

Hand Weapons
 a - a +0 hand axe
 d - a +0 falchion
 h - a +0 spear
 j - a +2 spectral club (weapon)
 l - a +0 sling
 n - a +3 vampiric scythe
Missiles
 e - 8 stones
 i - 2 poisoned darts (quivered)
Armour
 b - a +0 animal skin
 c - a +0 scale mail
 f - a +0 chain mail (worn)
 k - a +0 helmet (worn)
Jewellery
 m - a ring of ice (left hand)
Scrolls
 g - a scroll of identify


   Skills:
 + Level 5.0 Fighting
 - Level 5.4(5.8) Axes
 * Level 2.3(3.7) Maces & Flails
 + Level 0.2 Throwing
 + Level 3.9 Armour
 + Level 2.0 Dodging
 + Level 0.1 Stealth


You had 5 spell levels left.
You didn't know any spells.
Your spell library contained the following spells:

 Spells                   Type           Power      Damage    Failure   Level
 Ensorcelled Hibernation  Hex/Ice        0%         N/A       99%         2
 Passwall                 Tmut/Erth      0%         N/A       99%         2
 Summon Guardian Golem    Hex/Summ       0%         N/A       100%        3
 Swiftness                Air            0%         N/A       100%        3
 Orb of Destruction       Conj           0%         9d5       100%        7
 Spellforged Servitor     Conj/Summ      0%         N/A       100%        7


Dungeon Overview and Level Annotations

Branches:
Dungeon (3/15)

Altars:


Message History

The orc is severely wounded.
The orc closely misses you. The orc hits you with a +0 hand axe.
You hit the orc.
The orc is almost dead.
The orc barely misses you. x2; The orc hits you but does no damage.
The orc closely misses you.
You hit the orc.
You kill the orc!
Trog accepts your kill. The orc hits you but does no damage.
You barely miss the orc. The orc hits you with a +0 hand axe.
The orc hits you but does no damage.
You are poisoned.
You closely miss the orc.
You feel sick. The orc hits you with a +0 hand axe.
The orc hits you but does no damage.
You barely miss the orc.
You feel sick. The orc hits you with a +0 hand axe.
The orc hits you but does no damage.
You are more poisoned.
You hit the orc but do no damage.
You feel very sick. The orc barely misses you.
The orc hits you with a +2 dagger of venom.
You barely miss the orc.
You feel very sick. The orc hits you but does no damage.
The orc hits you with a +2 dagger of venom.
* * * LOW HITPOINT WARNING * * *
You are lethally poisoned!
You hit the orc.
The orc is lightly wounded.
* * * LOW HITPOINT WARNING * * *
You feel very sick. The orc hits you but does no damage. x2
You are more poisoned.
You hit the orc.
The orc is almost dead.
* * * LOW HITPOINT WARNING * * *
You feel very sick. The orc hits you with a +0 hand axe.
You die...

........)...........
...........:......?
...#................
.. #.........##.....
...#.......))##. ...
....................
>......$........)...
###.................
#....##@####.......
#......oo# .......
...#.....# .......
..#...!.?. .....#.
.##.......
.........#
........## ......>..


You could see 2 orcs.

Vanquished Creatures
  Sigmund (D:2)
  An orc priest (D:3)
  Robin (D:2)
  An adder (D:2)
  3 dart slugs (D:1)
  A worm (D:2)
  2 orcs (D:3)
  3 ball pythons
  5 bats
  7 goblins (D:2)
  10 hobgoblins
  2 quokkas (D:1)
  A frilled lizard (D:1)
  3 kobolds
  2 rats (D:1)
43 creatures vanquished.

Notes
Turn   | Place    | Note
-------+----------+-------------------------------------------
     0 | D:1      | Mickster the Hill Orc Berserker began the quest for the
                  | Orb.
     0 | D:1      | Reached XP level 1. HP: 19/19 MP: 1/1
    68 | D:1      | Reached XP level 2. HP: 18/27 MP: 2/2
   860 | D:2      | Reached XP level 3. HP: 33/33 MP: 3/3
  1140 | D:2      | Noticed Robin
  1153 | D:2      | Reached skill level 5 in Axes
  1153 | D:2      | Reached ** piety under Trog
  1161 | D:2      | Killed Robin
  1617 | D:2      | Noticed Sigmund
  1637 | D:2      | Killed Sigmund
  1638 | D:2      | Reached XP level 4. HP: 3/41 MP: 4/4
  1638 | D:2      | Reached XP level 5. HP: 3/47 MP: 5/5
  2223 | D:2      | Found a faded altar of an unknown god.
  2287 | D:3      | Reached skill level 5 in Fighting
  2287 | D:3      | Reached XP level 6. HP: 40/56 MP: 6/6
  2315 | D:3      | Slain by an orc

Illustrated notes

Levels and vault maps discovered:
D:1:      dpeg_arrival_rhombus, layout_basic, minmay_misc_feat_diagonals
D:2:      layout_basic, dilly_ecumenical_altar_fadedgnrine,
          kennysheep_generic_room_3, uniq_robin, uniq_sigmund
D:3:      layout_rooms, mainiacjoe_overflow_alcove_4, uniq_crazy_yiuf_cottage,
          uniq_jessica

Skill      XL: |  1  2  3  4  5 |
---------------+----------------+-----
Fighting       | 4 5 |  5.0
Axes           | 5 |  5.4
Maces & Flails | 2 |  2.3
Armour         | 3 |  3.9
Dodging        | 2 |  2.0
Throwing       | |  0.2
Stealth        | |  0.1

Action                   |  1- 3 |  4- 6 || total
-------------------------+-------+-------++-------
Melee: Hand axe          |    92 |       ||    92
       Club              |    17 |    24 ||    41
Throw: Dart              |     2 |       ||     2
  Use: Scroll            |     3 |       ||     3
Armor: Animal skin       |     4 |       ||     4
       Scale mail        |    13 |       ||    13
       Chain mail        |    28 |    14 ||    42
Dodge: Dodged            |    52 |    13 ||    65
